 Dungeon Crawl Stone Soup version 0.29.0-4-gdea44cf6ec (webtiles) character file.

Game seed: 7022051356604395069

123 qw the Ruffian (level 5, -11/41 HPs)
             Began as a Ghoul Enchanter on Sept 4, 2022.
             Killed by an exploding butterfly (12 damage)
             ... ignited by their inner flame
             ... on level 3 of the Dungeon.
             The game lasted 00:01:05 (3046 turns).

qw the Ruffian (Ghoul Enchanter)                    Turns: 3046, Time: 00:01:06

Health: -11/41     AC: 10    Str: 20    XL:     5   Next: 7%
Magic:  6/6        EV:  7    Int: 10    God:
Gold:   175        SH:  0    Dex:  9    Spells: 7/7 levels left

rFire   . . .      SeeInvis .     - Unarmed
rCold   + . .      Faith    .   (no shield)
rNeg    + + +      Spirit   .   p - +0 chain mail
rPois   inf        Reflect  .   g - +0 helmet
rElec   .          Harm     .   d - +0 cloak
rCorr   .          Rampage  .   (no gloves)
Will    .....                   (no boots)
Stlth   ..........              (no amulet)
HPRegen 0.13/turn               o - +6 ring of strength
MPRegen 0.10/turn               (no ring)

@: slowed, very slow
A: claws 1, cold resistance 1, negative energy resistance 3, inhibited
regeneration, torment resistance 2, devour on kill
a: no special abilities


You were on level 3 of the Dungeon.
You visited 1 branch of the dungeon, and saw 3 of its levels.

You collected 175 gold pieces.


Innate Abilities, Weirdness & Mutations

You are immune to poison.
You have sharp fingernails.
Your flesh is cold resistant. (rC+)
You are immune to negative energy. (rN+++)
You do not regenerate when monsters are visible.
You are immune to unholy pain and torment.
You thrive by killing the living.


   Skills:
 + Level 1.9 Fighting
 - Level 0.8 Short Blades
 - Level 1.2 Armour
 - Level 1.7 Dodging
 - Level 3.2 Stealth
 - Level 4.0 Unarmed Combat
 - Level 1.7 Spellcasting
 - Level 2.4 Hexes


You had 7 spell levels left.
You didn't know any spells.
Your spell library contained the following spells:

 Spells                   Type           Power      Damage    Failure   Level
 Ensorcelled Hibernation  Hex/Ice        6%         N/A       98%         2
 Confusing Touch          Hex            5%         N/A       99%         3
 Tukima's Dance           Hex            5%         N/A       99%         3
 Dazzling Flash           Conj/Hex       6%         N/A       100%        3

Inventory:

Missiles
 i - 3 javelins (quivered)
 r - 5 boomerangs
Armour
 d - a +0 cloak (worn)
 g - a +0 helmet (worn)
 p - a +0 chain mail (worn)
Jewellery
 o - a +6 ring of strength (left claw)
Scrolls
 c - 2 scrolls of identify
 l - a scroll of immolation
Potions
 a - a potion of might {unknown}
 f - 5 potions of curing {unknown}
 h - a potion of magic {unknown}
 k - a potion of lignification {unknown}
 n - a potion of degeneration {unknown}
 q - a potion of mutation {unknown}

Dungeon Overview and Level Annotations

Branches:
Dungeon (3/15)

Altars:
Kikubaaqudgha
Trog
Vehumet

Portals:
Sewer: D:3


Message History

Your butterfly disappears in a burst of colours!
The fiery explosion engulfs Natasha!!
You feel better.
Suddenly Natasha's spirit rises from her lifeless body.
The fiery explosion engulfs your butterfly!!
Your butterfly disappears in a burst of colours!
Your butterfly explodes!
The fiery explosion engulfs your butterfly!
Your butterfly disappears in a burst of colours!
Your butterfly explodes!
Natasha explodes!
Your butterfly explodes!
The fiery explosion engulfs your butterfly!!
Your butterfly disappears in a burst of colours!
Your butterfly explodes!
Your Armour skill increases to level 1!
You have reached level 5!
You feel stronger.
You start resting.
Your butterfly is engulfed in blazing flames.
Your butterfly disappears in a burst of colours!
Your butterfly explodes!
The fiery explosion engulfs your butterfly!
Your butterfly disappears in a burst of colours!
Your butterfly explodes!
The fiery explosion engulfs your butterfly!!
Your butterfly disappears in a burst of colours!
Your butterfly explodes!
The fiery explosion engulfs your butterfly!!
Your butterfly disappears in a burst of colours!
The fiery explosion engulfs your butterfly!!
Your butterfly disappears in a burst of colours!
Your butterfly explodes!
The fiery explosion engulfs your butterfly!!
Your butterfly disappears in a burst of colours!
The fiery explosion engulfs you!
Your butterfly explodes!
The fiery explosion engulfs you!!
Ouch! That really hurt!
The fiery explosion engulfs your butterfly!!
Your butterfly disappears in a burst of colours!
Your butterfly explodes!
The fiery explosion engulfs you!
You die...

#.............# *****
#.............#**,,,*
#.............##..,,,
###..............'...,,
#....¤¤¤¤.......##...,,
#...¤¤¤¤¤¤..¤¤..#*,..,,
#...¤¤¤¤¤¤¤¤¤~~..#,,,*,
#...¤¤¤.¤¤¤¤¤¤~....,,*,
#...¤¤@b.¤¤¤¤~~.#...,,,
*##....¤¤b.¤¤¤¤¤~.#...,,,
***#.....¤¤¤.¤¤¤¤¤~¤..,..,,,
*,...#.......¤¤~¤¤~~,,,,,,**
*..................,,*******
*.#####............,,*,,,,,*
*.#BSB#......((....,,*,,,,,*
*,#~BS#............,,*,,,,,*
*,*~\~#.#.#########*,+,,,,,*


You could see 2 adders and 2 giant cockroaches.

Vanquished Creatures
  Terence (D:3)
  Natasha (D:3)
  An adder (D:3)
  A worm (D:2)
  An orc (D:3)
  3 ball pythons
  9 endoplasms
  6 giant cockroaches
  5 goblins
  4 hobgoblins
  4 jackals (D:1)
  7 kobolds
  A quokka (D:1)
  A bat (D:2)
  6 frilled lizards
  A rat (D:2)
52 creatures vanquished.

Vanquished Creatures (others)
  5 fungi (D:2)
  3 plants (D:2)
8 creatures vanquished.

Grand Total: 60 creatures vanquished

Notes
Turn   | Place    | Note
-------+----------+-------------------------------------------
     0 | D:1      | qw the Ghoul Enchanter began the quest for the Orb.
     0 | D:1      | Reached XP level 1. HP: 14/14 MP: 2/2
     0 | D:1      | 0 ||| qw: Version: 0.1-a-103-gd6f5d3a
     0 | D:1      | 0 ||| qw: Game counter: 5689
     0 | D:1      | 0 ||| qw: Always use a shield: true
     0 | D:1      | 0 ||| qw: God list: Okawaru
     0 | D:1      | 0 ||| qw: Allow faded altars: false
     0 | D:1      | 0 ||| qw: Do Orc after D:15 true
     0 | D:1      | 0 ||| qw: Do second Lair branch before Depths: true
     0 | D:1      | 0 ||| qw: Lair rune preference: random
     0 | D:1      | 0 ||| qw: Plans: Normal
     0 | D:1      | 0 ||| PLANNING D:1-11
     1 | D:1      | 1 ||| DROPPING +1 dagger.
   184 | D:1      | Reached skill level 1 in Unarmed Combat
   192 | D:1      | HP: 2/14 [quokka (3)]
   199 | D:1      | HP: 1/15 [jackal (1)]
   201 | D:1      | Reached XP level 2. HP: 3/22 MP: 3/3
   475 | D:1      | 475 ||| Stepping ~*~*~tactically~*~*~ (stealth).
   478 | D:1      | Reached skill level 1 in Fighting
   481 | D:1      | 481 ||| Stepping ~*~*~tactically~*~*~ (stealth).
   486 | D:1      | 486 ||| Stepping ~*~*~tactically~*~*~ (outnumbered).
   488 | D:1      | 488 ||| Stepping ~*~*~tactically~*~*~ (outnumbered).
   501 | D:1      | HP: 4/23 [hobgoblin (5)]
   534 | D:1      | 534 ||| Stepping ~*~*~tactically~*~*~ (stealth).
   557 | D:1      | 557 ||| Stepping ~*~*~tactically~*~*~ (stealth).
   821 | D:1      | Reached skill level 2 in Unarmed Combat
   862 | D:1      | 862 ||| Stepping ~*~*~tactically~*~*~ (stealth).
   865 | D:1      | 865 ||| Stepping ~*~*~tactically~*~*~ (stealth).
   869 | D:1      | 869 ||| Stepping ~*~*~tactically~*~*~ (stealth).
   870 | D:1      | 870 ||| Stepping ~*~*~tactically~*~*~ (stealth).
   909 | D:1      | 909 ||| Stepping ~*~*~tactically~*~*~ (stealth).
  1054 | D:1      | Reached XP level 3. HP: 28/28 MP: 4/4
  1135 | D:1      | 1135 ||| Stepping ~*~*~tactically~*~*~ (stealth).
  1138 | D:1      | 1138 ||| Stepping ~*~*~tactically~*~*~ (stealth).
  1140 | D:1      | 1140 ||| Stepping ~*~*~tactically~*~*~ (stealth).
  1142 | D:1      | 1142 ||| Stepping ~*~*~tactically~*~*~ (stealth).
  1144 | D:1      | 1144 ||| Stepping ~*~*~tactically~*~*~ (stealth).
  1146 | D:1      | 1146 ||| Stepping ~*~*~tactically~*~*~ (stealth).
  1527 | D:1      | 1527 ||| UPGRADING to +0 cloak.
  1532 | D:1      | 1532 ||| UPGRADING to +0 ring mail.
  1542 | D:1      | 1542 ||| DROPPING +0 robe.
  1543 | D:1      | 1543 ||| UPGRADING to +0 helmet.
  1548 | D:1      | 1548 ||| READING scroll labelled JUANUV UTSAZ.
  1549 | D:1      | 1549 ||| READING scroll labelled YLOMIF ZUBENIYG.
  1550 | D:1      | 1550 ||| DROPPING 2 potions of invisibility.
  1755 | D:2      | Found a faded altar of an unknown god.
  2124 | D:2      | Found a radiant altar of Vehumet.
  2179 | D:2      | Reached skill level 3 in Unarmed Combat
  2202 | D:2      | 2202 ||| Stepping ~*~*~tactically~*~*~ (stealth).
  2227 | D:2      | 2227 ||| Stepping ~*~*~tactically~*~*~ (stealth).
  2381 | D:2      | 2381 ||| Stepping ~*~*~tactically~*~*~ (stealth).
  2461 | D:2      | 2461 ||| Stepping ~*~*~tactically~*~*~ (stealth).
  2463 | D:2      | 2463 ||| Stepping ~*~*~tactically~*~*~ (stealth).
  2515 | D:2      | You fall into a shaft and drop 1 floor!
  2518 | D:3      | 2518 ||| PLANNING SEWER
  2544 | D:3      | Found an ancient bone altar of Kikubaaqudgha.
  2551 | D:3      | Noticed Terence
  2563 | D:3      | HP: 1/28 [Terence/+0 flail (7)]
  2565 | D:3      | Killed Terence
  2566 | D:3      | Reached XP level 4. HP: 1/35 MP: 5/5
  2920 | D:3      | Reached skill level 4 in Unarmed Combat
  2920 | D:3      | 2920 ||| Stepping ~*~*~tactically~*~*~ (stealth).
  2923 | D:3      | 2923 ||| Stepping ~*~*~tactically~*~*~ (stealth).
  2938 | D:3      | 2938 ||| Stepping ~*~*~tactically~*~*~ (outnumbered).
  2942 | D:3      | 2942 ||| Stepping ~*~*~tactically~*~*~ (outnumbered).
  2967 | D:3      | Noticed Natasha
  2968 | D:3      | Found a bloodstained altar of Trog.
  3002 | D:3      | Found a glowing drain.
  3003 | D:3      | 3003 ||| UPGRADING to +0 chain mail.
  3013 | D:3      | 3013 ||| DROPPING +0 ring mail.
  3014 | D:3      | 3014 ||| UPGRADING to +6 ring of strength.
  3042 | D:3      | 3042 ||| READING scroll labelled SINUTUR TURESE.
  3043 | D:3      | 3043 ||| READING 2 scrolls labelled TEAZYA FYOCH.
  3044 | D:3      | 3044 ||| READING scroll labelled DOARA HOONWUA.
  3045 | D:3      | 3045 ||| READING scroll labelled MYUGIJEISU.
  3045 | D:3      | Killed Natasha
  3046 | D:3      | Reached skill level 1 in Armour
  3046 | D:3      | Reached XP level 5. HP: 38/41 MP: 6/6
  3046 | D:3      | HP: 1/41 [spore (21)]
  3046 | D:3      | Killed by an exploding butterfly... ignited by their inner
                  | flame

Levels and vault maps discovered:
D:1:      amcnicky_arrival_blooded_trapdoor, layout_loops_ring,
          palyth_stone_intersect
D:2:      layout_basic, shapermc_ecumenical_altar_mp_urbaneastern, basic_altar,
          roderic_st_hans_cross, roderic_lattice_a
D:3:      layout_basic, nicolae_kikubaaqudgha_miasma_corner,
          general_overflow_altar, gup_sewer_entry_glass, minmay_misc_feat_x,
          uniq_natasha, uniq_terence

Skill      XL: |  1  2  3  4 |
---------------+-------------+-----
Unarmed Combat | 1 2 3 4 |  4.0
Fighting       | 1 |  1.9
Armour         | 1 |  1.2
Short Blades   | |  0.8
Dodging        | |  1.7
Stealth        | |  3.2
Spellcasting   | |  1.7
Hexes          | |  2.4

Action                   |  1- 3 |  4- 6 || total
-------------------------+-------+-------++-------
Melee: Unarmed           |   141 |    42 ||   183
Throw: Javelin           |    21 |     6 ||    27
  Use: Scroll            |     2 |     4 ||     6
Armor: Robe              |     5 |       ||     5
       Ring mail         |     8 |     6 ||    14
       Chain mail        |       |    29 ||    29
Dodge: Dodged            |    68 |    17 ||    85

Table legend:
 A = Non-vault XP
 B = Vault XP
 C = Vault XP percentage of total XP
 D = Non-vault monster count
 E = Vault monster count
 F = Vault count percentage of total count
                 A         B        C        D         E       F
            +---------+---------+-------+---------+---------+-------
      Total |     104 |      73 |  41.2 |      49 |       3 |   5.8
            +---------+---------+-------+---------+---------+-------
        D:1 |      47 |       0 |   0.0 |      25 |       0 |   0.0
        D:2 |      23 |       0 |   0.0 |      12 |       0 |   0.0
        D:3 |      34 |      73 |  68.2 |      12 |       3 |  20.0
            +---------+---------+-------+---------+---------+-------
